 Dungeon Crawl Stone Soup version 0.21.0 (webtiles) character file.

23 Hekarica the Magician (level 2, -4/19 HPs)
             Began as a Mummy Fire Elementalist on May 24, 2018.
             Slain by a gnoll
             ... wielding a +0 spear
              (8 damage)
             ... on level 1 of the Dungeon.
             The game lasted 00:02:49 (661 turns).

Hekarica the Magician (Mummy Fire Elementalist)      Turns: 661, Time: 00:02:50

Health: -4/19      AC:  3    Str: 11    XL:     2   Next: 72%
Magic:  1/5        EV: 12    Int: 14    God:
Gold:   33         SH:  0    Dex: 12    Spells: 5/6 levels left

rFire    x . .     SeeInvis .   c - +0 dagger
rCold    + . .     Gourm    .   (no shield)
rNeg     + + +     Faith    .   e - +0 leather armour
rPois    ∞         Spirit   .   (no helmet)
rElec    .         Reflect  .   (no cloak)
rCorr    .         Harm     .   (no gloves)
MR       .....                  (no boots)
Stlth    ++........             (no amulet)
HPRegen  0.06/turn              (no ring)
MPRegen  0.09/turn              (no ring)

@: very slightly contaminated
A: no food or potions, fire vulnerability, cold resistance 1, negative energy
resistance 3, torment resistance, unbreathing
a: no special abilities


You were on level 1 of the Dungeon.
You were not hungry.

You visited 1 branch of the dungeon, and saw 1 of its levels.

You collected 33 gold pieces.

Inventory:

Hand Weapons
 c - a +0 dagger (weapon)
Armour
 e - a +0 leather armour (worn)
Scrolls
 a - a scroll of enchant weapon {unknown}
 d - a scroll of noise {unknown}
 f - a scroll of random uselessness {unknown}
 g - a scroll of remove curse {unknown}
Books
 b - a book of Flames

   Spells                             Type                      Level
   a - Flame Tongue                   Conjuration/Fire             1
   b - Throw Flame                    Conjuration/Fire             2
   c - Conjure Flame                  Conjuration/Fire             3
   d - Inner Flame                    Hexes/Fire                   3
   e - Sticky Flame                   Conjuration/Fire             4
   f - Fireball                       Conjuration/Fire             5


   Skills:
 * Level 1.9 Dodging
 * Level 1.9 Stealth
 + Level 2.9 Spellcasting
 * Level 1.2 Conjurations
 * Level 2.6 Fire Magic


You had 5 spell levels left.
You knew the following spells:

 Your Spells              Type           Power        Failure   Level  Hunger
a - Flame Tongue          Conj/Fire      #....        13%         1    N/A

Dungeon Overview and Level Annotations

Branches:
Dungeon (1/15)

Altars:
Ashenzari


Innate Abilities, Weirdness & Mutations

You do not eat or drink.
Your flesh is vulnerable to fire.
You are immune to poison.
Your flesh is cold resistant. (rC+)
You are immune to negative energy. (rN+++)
You are immune to unholy pain and torment.
You can survive without breathing.


Message History

You hit the gnoll but do no damage.
The gnoll is almost dead.
The frilled lizard closely misses you. The gnoll hits you with a spear!
You closely miss the gnoll.
The gnoll is almost dead.
The frilled lizard completely misses you.
The gnoll hits you with a spear.
You barely miss the gnoll.
The gnoll is almost dead.
The frilled lizard closely misses you. The gnoll hits you with a spear!
* * * LOW HITPOINT WARNING * * *
You hit the gnoll but do no damage.
The gnoll is almost dead.
The frilled lizard closely misses you. The gnoll misses you.
You barely miss the gnoll.
The gnoll is almost dead.
The frilled lizard unfolds its giant frill.
The frilled lizard bites you but does no damage.
The gnoll hits you with a spear!
You die...

#.§......... #..§.....≈..
## #..........§ .##
######.....≈....§ ..######
#...............§
.......###....##.≈.....≈..
..............##.........§
.......###....###l..§....§
...>....##......@g.......§
.........#....####g....≈..
..........................
..........................
........####.....#..#....(
.......##....#'#..........
..........####.####.......
.........##..#.#..##.....
.........#.#.#.#.#.# .


You could see a gnoll, a goblin and a frilled lizard.

Vanquished Creatures
  A leopard gecko (D:1)
  4 bats (D:1)
  4 giant cockroaches (D:1)
  3 hobgoblins (D:1)
  A frilled lizard (D:1)
  2 goblins (D:1)
  7 rats (D:1)
22 creatures vanquished.

Notes
Turn   | Place    | Note
-------+----------+-------------------------------------------
     0 | D:1      | Hekarica the Mummy Fire Elementalist began the quest for the Orb.
     0 | D:1      | Reached XP level 1. HP: 13/13 MP: 4/4
    60 | D:1      | Reached skill level 1 in Conjurations
   102 | D:1      | Reached XP level 2. HP: 17/19 MP: 0/5
   467 | D:1      | Found a shattered altar of Ashenzari.
   661 | D:1      | Slain by a gnoll

Skill      XL: |  1 |
---------------+----+-----
Conjurations   | 1 |  1.2
Dodging        | |  1.9
Stealth        | |  1.9
Spellcasting   | |  2.9
Fire Magic     | |  2.6

Action                   || total
-------------------------++-------
Melee: Dagger            ||    37
       Unarmed           ||     4
 Cast: Flame Tongue      ||    28
Armor: Robe              ||     7
       Leather armour    ||    14
Dodge: Dodged            ||    39
